ElectroGuy, chaotic male orcish Wizard ---#----- ----- ---- ---- ---- --.-#.|..| --.|.--- |..| --- --- |..| --q@| |.*[.....| --......| --..----.--- --.--- |..| |Sa.| |..----.-- |.......-- --.....|....--- |....-- --.------.--- ----.-- |.| ---.|......| |.............| |-....| |...||...| ---....| |.| |.>.|......| |.......-.....---.....-- ---.--.--- |...)..| |.| --.------...| |...........(..........-- |....---- --- ---.|)...-- |.| |.^..| --..| |-.....-----.----.......-----..-.|.-- |.---...|-....-- |.| |....| ---- |.......| ---.................| |.....---|.....| |.| --..-- --.....-| ---....--........-- --.....| |....-- |.|---..| ---....--- |............%.-- --.|.-- ---..| |.||....--- ---....-- --..............| |.|.| |^.| |.--.|....| --....| ----...........--------...| |..| |....|-...-- --...| ---....................| --..| |..---|....---- |...| --..........----.....| --...| |..| --..^...-- --.-- |...........||......-- |....-- |..-- |.......-- --- |.....|....--|.......| |.....| |...| ---......| |...----..-- ---.--.-- ---...| |.*-- |....|.| --^.| ---- ------ --..| ---- ---.---- ---- ---- --- ElectroGuy the Thaumaturge Experience level: 6 Strength: 12 Dexterity: 16 Constitution: 18 Intelligence: 16 Wisdom: 9 Charisma: 9 Health: 0(57) Energy: 6(32) Def: 0 Gold: 0 Moves: 4579 Dungeon seed: Ysg81iVn6p6DgThN Game ID: ElectroGuy_1577457088 Your Inventory: Comestibles b - an uncursed food ration Rings c - an uncursed ring of cold resistance (on left hand) Tools a - a blessed partly used tallow candle (lit) (0:136) Spells and supernatural/magical abilities: Name Level Category Fail Memory a - force bolt 1 attack 0% 78% h - healing 1 healing 0% 89% z - sleep 1 enchantment 0% 86% I - identify 3 divination 91% 78% W - pray for help -- divine ? -- Your skills at the end: Fighting Skills Weapon Skills quarterstaff [Basic] Spellcasting Skills attack spells [Basic] enchantment spells [Basic] Final Attributes: You were piously aligned. You were cold resistant. You were poison resistant. You had infravision. You were a wererat. You were unlucky. You are dead. Vanquished creatures: 3 small mimics a gnome mummy a wood nymph a pony a fog cloud a gnome lord 2 gnomish wizards a gray ooze an elf zombie a kitten 2 dwarves a kobold shaman 2 rothes a rabid rat a dwarf zombie a wererat 3 iguanas 2 killer bees 2 coyotes 2 hobbits 9 manes a large kobold 2 hobgoblins 2 giant rats 3 cave spiders 8 gnomes 5 geckos 2 jackals a fox 5 goblins 2 sewer rats 6 grid bugs a bat 4 lichens 2 kobold zombies 5 newts 88 creatures vanquished. Voluntary challenges: You had been an atheist until turn 3512. You used a wielded weapon 82 times, starting on turn 7. You read items or engraved 19 times, starting on turn 997. You never genocided any monsters. You never polymorphed an object. You changed form 8 times, starting on turn 3103. You used no wishes. You never split a pudding. You never wrote Elbereth's name. You violated your moral code, losing 62 points of alignment, starting on turn 198. Dungeon overview: The Dungeons of Doom: levels 1 to 6 Level 1 a long staircase Level 2 a fountain Level 3 Level 4 a fountain stairs to The Gnomish Mines Level 5 a scroll shop, a fountain Level 6 a bookstore, a fountain The Gnomish Mines: levels 5 to 6 Level 5 <- You were here stairs to The Dungeons of Doom Level 6 History has recorded: On T:1 you entered the Dungeons of Doom to retrieve the Amulet of Yendor! On T:239 you advanced to experience level 2. On T:330 you reached level 2 of The Dungeons of Doom. On T:771 you reached level 3 of The Dungeons of Doom. On T:812 you advanced to experience level 3. On T:1200 you reached level 4 of The Dungeons of Doom. On T:1548 you reached level 6 of The Dungeons of Doom. On T:1627 you advanced to experience level 4. On T:1937 you reached level 5 of The Dungeons of Doom. On T:2198 you advanced to experience level 5. On T:2833 you advanced to experience level 6. On T:4430 you reached level 2 of The Gnomish Mines. Score breakdown: Gold: 0 ( 0 points) Experience: 6 levels (12456 points) Exploration: 6 levels ( 12.24%) ( 9682 points) Discoveries: 10 items ( 3.62%) ( 5710 points) Valuables value: (no points given unless you survive) Artifact value: 0 ( 0 points) Variety of kills: 36 monsters ( 9.45%) ( 9221 points) Turncount: 4579 turns (-1224 points) Survival: died (score multiplied by 80%) Total score: 28676 Latest messages: You don't have enough energy to cast that spell. You miss the giant ant. The giant ant bites! (2x) You miss the giant ant. The giant ant bites! You hit the giant ant. The giant ant bites! (2x) You hit the giant ant. The giant ant bites! You miss the giant ant. The giant ant bites! The rothe hits! The rothe bites! (2x) The giant ant bites! You begin praying to Anhur. The giant ant bites! The rothe hits! The rothe bites! (2x) The giant ant bites! (2x) You die... Final status: Goodbye ElectroGuy the Wizard, killed by a giant ant, while praying... You died in The Gnomish Mines on dungeon level 5 with 28676 points, and 0 pieces of gold, after 4579 moves. You were level 6 with a maximum of 57 hit points when you died.